Workbook

Sheet Products
A1: Seller fee and profit sheet
A2: Fill in the input columns (A to H). The other columns calculate. Rates are on the Assumptions sheet.
A4: Product | B4: Price (each) | C4: Shipping charged | D4: Quantity | E4: Cost of goods (each) | F4: Sales tax collected | G4: Offsite Ads sale? (Yes/No) | H4: Shop has reached 10,000 in sales? (Yes/No) | I4: Revenue (price x quantity + shipping) | J4: Listing fee | K4: Transaction fee | L4: Payment processing fee | M4: Offsite Ads fee | N4: Total fees | O4: Net profit | P4: Margin | Q4: Break-even price (each)
I5: =IF(OR($B5="",$D5=""),"",$B5*$D5+$C5) | J5: =IF(OR($B5="",$D5=""),"",$D5*Assumptions!$B$4) | K5: =IF(OR($B5="",$D5=""),"",Assumptions!$B$5*$I5) | L5: =IF(OR($B5="",$D5=""),"",Assumptions!$B$6*($I5+$F5)+Assumptions!$B$7) | M5: =IF(OR($B5="",$D5=""),"",MIN(IF($G5="Yes",IF($H5="Yes",Assumptions!$B$9,Assumptions!$B$8),0)*$I5,Assumptions!$B$11)) | N5: =IF(OR($B5="",$D5=""),"",$J5+$K5+$L5+$M5) | O5: =IF(OR($B5="",$D5=""),"",$I5-$E5*$D5-$N5) | P5: =IF(OR($B5="",$D5=""),"",IF($I5=0,"",$O5/$I5)) | Q5: =IF(OR($B5="",$D5=""),"",IF($D5=0,"",MAX(0,(IF(IF($G5="Yes",IF($H5="Yes",Assumptions!$B$9,Assumptions!$B$8),0)*(($E5+Assumptions!$B$4)*$D5+Assumptions!$B$6*$F5+Assumptions!$B$7)/(1-Assumptions!$B$5-Assumptions!$B$6-IF($G5="Yes",IF($H5="Yes",Assumptions!$B$9,Assumptions!$B$8),0))<=Assumptions!$B$11,(($E5+Assumptions!$B$4)*$D5+Assumptions!$B$6*$F5+Assumptions!$B$7)/(1-Assumptions!$B$5-Assumptions!$B$6-IF($G5="Yes",IF($H5="Yes",Assumptions!$B$9,Assumptions!$B$8),0)),((($E5+Assumptions!$B$4)*$D5+Assumptions!$B$6*$F5+Assumptions!$B$7)+Assumptions!$B$11)/(1-Assumptions!$B$5-Assumptions!$B$6))-$C5)/$D5)))
I6: =IF(OR($B6="",$D6=""),"",$B6*$D6+$C6) | J6: =IF(OR($B6="",$D6=""),"",$D6*Assumptions!$B$4) | K6: =IF(OR($B6="",$D6=""),"",Assumptions!$B$5*$I6) | L6: =IF(OR($B6="",$D6=""),"",Assumptions!$B$6*($I6+$F6)+Assumptions!$B$7) | M6: =IF(OR($B6="",$D6=""),"",MIN(IF($G6="Yes",IF($H6="Yes",Assumptions!$B$9,Assumptions!$B$8),0)*$I6,Assumptions!$B$11)) | N6: =IF(OR($B6="",$D6=""),"",$J6+$K6+$L6+$M6) | O6: =IF(OR($B6="",$D6=""),"",$I6-$E6*$D6-$N6) | P6: =IF(OR($B6="",$D6=""),"",IF($I6=0,"",$O6/$I6)) | Q6: =IF(OR($B6="",$D6=""),"",IF($D6=0,"",MAX(0,(IF(IF($G6="Yes",IF($H6="Yes",Assumptions!$B$9,Assumptions!$B$8),0)*(($E6+Assumptions!$B$4)*$D6+Assumptions!$B$6*$F6+Assumptions!$B$7)/(1-Assumptions!$B$5-Assumptions!$B$6-IF($G6="Yes",IF($H6="Yes",Assumptions!$B$9,Assumptions!$B$8),0))<=Assumptions!$B$11,(($E6+Assumptions!$B$4)*$D6+Assumptions!$B$6*$F6+Assumptions!$B$7)/(1-Assumptions!$B$5-Assumptions!$B$6-IF($G6="Yes",IF($H6="Yes",Assumptions!$B$9,Assumptions!$B$8),0)),((($E6+Assumptions!$B$4)*$D6+Assumptions!$B$6*$F6+Assumptions!$B$7)+Assumptions!$B$11)/(1-Assumptions!$B$5-Assumptions!$B$6))-$C6)/$D6)))
I7: =IF(OR($B7="",$D7=""),"",$B7*$D7+$C7) | J7: =IF(OR($B7="",$D7=""),"",$D7*Assumptions!$B$4) | K7: =IF(OR($B7="",$D7=""),"",Assumptions!$B$5*$I7) | L7: =IF(OR($B7="",$D7=""),"",Assumptions!$B$6*($I7+$F7)+Assumptions!$B$7) | M7: =IF(OR($B7="",$D7=""),"",MIN(IF($G7="Yes",IF($H7="Yes",Assumptions!$B$9,Assumptions!$B$8),0)*$I7,Assumptions!$B$11)) | N7: =IF(OR($B7="",$D7=""),"",$J7+$K7+$L7+$M7) | O7: =IF(OR($B7="",$D7=""),"",$I7-$E7*$D7-$N7) | P7: =IF(OR($B7="",$D7=""),"",IF($I7=0,"",$O7/$I7)) | Q7: =IF(OR($B7="",$D7=""),"",IF($D7=0,"",MAX(0,(IF(IF($G7="Yes",IF($H7="Yes",Assumptions!$B$9,Assumptions!$B$8),0)*(($E7+Assumptions!$B$4)*$D7+Assumptions!$B$6*$F7+Assumptions!$B$7)/(1-Assumptions!$B$5-Assumptions!$B$6-IF($G7="Yes",IF($H7="Yes",Assumptions!$B$9,Assumptions!$B$8),0))<=Assumptions!$B$11,(($E7+Assumptions!$B$4)*$D7+Assumptions!$B$6*$F7+Assumptions!$B$7)/(1-Assumptions!$B$5-Assumptions!$B$6-IF($G7="Yes",IF($H7="Yes",Assumptions!$B$9,Assumptions!$B$8),0)),((($E7+Assumptions!$B$4)*$D7+Assumptions!$B$6*$F7+Assumptions!$B$7)+Assumptions!$B$11)/(1-Assumptions!$B$5-Assumptions!$B$6))-$C7)/$D7)))
I8: =IF(OR($B8="",$D8=""),"",$B8*$D8+$C8) | J8: =IF(OR($B8="",$D8=""),"",$D8*Assumptions!$B$4) | K8: =IF(OR($B8="",$D8=""),"",Assumptions!$B$5*$I8) | L8: =IF(OR($B8="",$D8=""),"",Assumptions!$B$6*($I8+$F8)+Assumptions!$B$7) | M8: =IF(OR($B8="",$D8=""),"",MIN(IF($G8="Yes",IF($H8="Yes",Assumptions!$B$9,Assumptions!$B$8),0)*$I8,Assumptions!$B$11)) | N8: =IF(OR($B8="",$D8=""),"",$J8+$K8+$L8+$M8) | O8: =IF(OR($B8="",$D8=""),"",$I8-$E8*$D8-$N8) | P8: =IF(OR($B8="",$D8=""),"",IF($I8=0,"",$O8/$I8)) | Q8: =IF(OR($B8="",$D8=""),"",IF($D8=0,"",MAX(0,(IF(IF($G8="Yes",IF($H8="Yes",Assumptions!$B$9,Assumptions!$B$8),0)*(($E8+Assumptions!$B$4)*$D8+Assumptions!$B$6*$F8+Assumptions!$B$7)/(1-Assumptions!$B$5-Assumptions!$B$6-IF($G8="Yes",IF($H8="Yes",Assumptions!$B$9,Assumptions!$B$8),0))<=Assumptions!$B$11,(($E8+Assumptions!$B$4)*$D8+Assumptions!$B$6*$F8+Assumptions!$B$7)/(1-Assumptions!$B$5-Assumptions!$B$6-IF($G8="Yes",IF($H8="Yes",Assumptions!$B$9,Assumptions!$B$8),0)),((($E8+Assumptions!$B$4)*$D8+Assumptions!$B$6*$F8+Assumptions!$B$7)+Assumptions!$B$11)/(1-Assumptions!$B$5-Assumptions!$B$6))-$C8)/$D8)))
I9: =IF(OR($B9="",$D9=""),"",$B9*$D9+$C9) | J9: =IF(OR($B9="",$D9=""),"",$D9*Assumptions!$B$4) | K9: =IF(OR($B9="",$D9=""),"",Assumptions!$B$5*$I9) | L9: =IF(OR($B9="",$D9=""),"",Assumptions!$B$6*($I9+$F9)+Assumptions!$B$7) | M9: =IF(OR($B9="",$D9=""),"",MIN(IF($G9="Yes",IF($H9="Yes",Assumptions!$B$9,Assumptions!$B$8),0)*$I9,Assumptions!$B$11)) | N9: =IF(OR($B9="",$D9=""),"",$J9+$K9+$L9+$M9) | O9: =IF(OR($B9="",$D9=""),"",$I9-$E9*$D9-$N9) | P9: =IF(OR($B9="",$D9=""),"",IF($I9=0,"",$O9/$I9)) | Q9: =IF(OR($B9="",$D9=""),"",IF($D9=0,"",MAX(0,(IF(IF($G9="Yes",IF($H9="Yes",Assumptions!$B$9,Assumptions!$B$8),0)*(($E9+Assumptions!$B$4)*$D9+Assumptions!$B$6*$F9+Assumptions!$B$7)/(1-Assumptions!$B$5-Assumptions!$B$6-IF($G9="Yes",IF($H9="Yes",Assumptions!$B$9,Assumptions!$B$8),0))<=Assumptions!$B$11,(($E9+Assumptions!$B$4)*$D9+Assumptions!$B$6*$F9+Assumptions!$B$7)/(1-Assumptions!$B$5-Assumptions!$B$6-IF($G9="Yes",IF($H9="Yes",Assumptions!$B$9,Assumptions!$B$8),0)),((($E9+Assumptions!$B$4)*$D9+Assumptions!$B$6*$F9+Assumptions!$B$7)+Assumptions!$B$11)/(1-Assumptions!$B$5-Assumptions!$B$6))-$C9)/$D9)))
I10: =IF(OR($B10="",$D10=""),"",$B10*$D10+$C10) | J10: =IF(OR($B10="",$D10=""),"",$D10*Assumptions!$B$4) | K10: =IF(OR($B10="",$D10=""),"",Assumptions!$B$5*$I10) | L10: =IF(OR($B10="",$D10=""),"",Assumptions!$B$6*($I10+$F10)+Assumptions!$B$7) | M10: =IF(OR($B10="",$D10=""),"",MIN(IF($G10="Yes",IF($H10="Yes",Assumptions!$B$9,Assumptions!$B$8),0)*$I10,Assumptions!$B$11)) | N10: =IF(OR($B10="",$D10=""),"",$J10+$K10+$L10+$M10) | O10: =IF(OR($B10="",$D10=""),"",$I10-$E10*$D10-$N10) | P10: =IF(OR($B10="",$D10=""),"",IF($I10=0,"",$O10/$I10)) | Q10: =IF(OR($B10="",$D10=""),"",IF($D10=0,"",MAX(0,(IF(IF($G10="Yes",IF($H10="Yes",Assumptions!$B$9,Assumptions!$B$8),0)*(($E10+Assumptions!$B$4)*$D10+Assumptions!$B$6*$F10+Assumptions!$B$7)/(1-Assumptions!$B$5-Assumptions!$B$6-IF($G10="Yes",IF($H10="Yes",Assumptions!$B$9,Assumptions!$B$8),0))<=Assumptions!$B$11,(($E10+Assumptions!$B$4)*$D10+Assumptions!$B$6*$F10+Assumptions!$B$7)/(1-Assumptions!$B$5-Assumptions!$B$6-IF($G10="Yes",IF($H10="Yes",Assumptions!$B$9,Assumptions!$B$8),0)),((($E10+Assumptions!$B$4)*$D10+Assumptions!$B$6*$F10+Assumptions!$B$7)+Assumptions!$B$11)/(1-Assumptions!$B$5-Assumptions!$B$6))-$C10)/$D10)))
I11: =IF(OR($B11="",$D11=""),"",$B11*$D11+$C11) | J11: =IF(OR($B11="",$D11=""),"",$D11*Assumptions!$B$4) | K11: =IF(OR($B11="",$D11=""),"",Assumptions!$B$5*$I11) | L11: =IF(OR($B11="",$D11=""),"",Assumptions!$B$6*($I11+$F11)+Assumptions!$B$7) | M11: =IF(OR($B11="",$D11=""),"",MIN(IF($G11="Yes",IF($H11="Yes",Assumptions!$B$9,Assumptions!$B$8),0)*$I11,Assumptions!$B$11)) | N11: =IF(OR($B11="",$D11=""),"",$J11+$K11+$L11+$M11) | O11: =IF(OR($B11="",$D11=""),"",$I11-$E11*$D11-$N11) | P11: =IF(OR($B11="",$D11=""),"",IF($I11=0,"",$O11/$I11)) | Q11: =IF(OR($B11="",$D11=""),"",IF($D11=0,"",MAX(0,(IF(IF($G11="Yes",IF($H11="Yes",Assumptions!$B$9,Assumptions!$B$8),0)*(($E11+Assumptions!$B$4)*$D11+Assumptions!$B$6*$F11+Assumptions!$B$7)/(1-Assumptions!$B$5-Assumptions!$B$6-IF($G11="Yes",IF($H11="Yes",Assumptions!$B$9,Assumptions!$B$8),0))<=Assumptions!$B$11,(($E11+Assumptions!$B$4)*$D11+Assumptions!$B$6*$F11+Assumptions!$B$7)/(1-Assumptions!$B$5-Assumptions!$B$6-IF($G11="Yes",IF($H11="Yes",Assumptions!$B$9,Assumptions!$B$8),0)),((($E11+Assumptions!$B$4)*$D11+Assumptions!$B$6*$F11+Assumptions!$B$7)+Assumptions!$B$11)/(1-Assumptions!$B$5-Assumptions!$B$6))-$C11)/$D11)))
I12: =IF(OR($B12="",$D12=""),"",$B12*$D12+$C12) | J12: =IF(OR($B12="",$D12=""),"",$D12*Assumptions!$B$4) | K12: =IF(OR($B12="",$D12=""),"",Assumptions!$B$5*$I12) | L12: =IF(OR($B12="",$D12=""),"",Assumptions!$B$6*($I12+$F12)+Assumptions!$B$7) | M12: =IF(OR($B12="",$D12=""),"",MIN(IF($G12="Yes",IF($H12="Yes",Assumptions!$B$9,Assumptions!$B$8),0)*$I12,Assumptions!$B$11)) | N12: =IF(OR($B12="",$D12=""),"",$J12+$K12+$L12+$M12) | O12: =IF(OR($B12="",$D12=""),"",$I12-$E12*$D12-$N12) | P12: =IF(OR($B12="",$D12=""),"",IF($I12=0,"",$O12/$I12)) | Q12: =IF(OR($B12="",$D12=""),"",IF($D12=0,"",MAX(0,(IF(IF($G12="Yes",IF($H12="Yes",Assumptions!$B$9,Assumptions!$B$8),0)*(($E12+Assumptions!$B$4)*$D12+Assumptions!$B$6*$F12+Assumptions!$B$7)/(1-Assumptions!$B$5-Assumptions!$B$6-IF($G12="Yes",IF($H12="Yes",Assumptions!$B$9,Assumptions!$B$8),0))<=Assumptions!$B$11,(($E12+Assumptions!$B$4)*$D12+Assumptions!$B$6*$F12+Assumptions!$B$7)/(1-Assumptions!$B$5-Assumptions!$B$6-IF($G12="Yes",IF($H12="Yes",Assumptions!$B$9,Assumptions!$B$8),0)),((($E12+Assumptions!$B$4)*$D12+Assumptions!$B$6*$F12+Assumptions!$B$7)+Assumptions!$B$11)/(1-Assumptions!$B$5-Assumptions!$B$6))-$C12)/$D12)))
I13: =IF(OR($B13="",$D13=""),"",$B13*$D13+$C13) | J13: =IF(OR($B13="",$D13=""),"",$D13*Assumptions!$B$4) | K13: =IF(OR($B13="",$D13=""),"",Assumptions!$B$5*$I13) | L13: =IF(OR($B13="",$D13=""),"",Assumptions!$B$6*($I13+$F13)+Assumptions!$B$7) | M13: =IF(OR($B13="",$D13=""),"",MIN(IF($G13="Yes",IF($H13="Yes",Assumptions!$B$9,Assumptions!$B$8),0)*$I13,Assumptions!$B$11)) | N13: =IF(OR($B13="",$D13=""),"",$J13+$K13+$L13+$M13) | O13: =IF(OR($B13="",$D13=""),"",$I13-$E13*$D13-$N13) | P13: =IF(OR($B13="",$D13=""),"",IF($I13=0,"",$O13/$I13)) | Q13: =IF(OR($B13="",$D13=""),"",IF($D13=0,"",MAX(0,(IF(IF($G13="Yes",IF($H13="Yes",Assumptions!$B$9,Assumptions!$B$8),0)*(($E13+Assumptions!$B$4)*$D13+Assumptions!$B$6*$F13+Assumptions!$B$7)/(1-Assumptions!$B$5-Assumptions!$B$6-IF($G13="Yes",IF($H13="Yes",Assumptions!$B$9,Assumptions!$B$8),0))<=Assumptions!$B$11,(($E13+Assumptions!$B$4)*$D13+Assumptions!$B$6*$F13+Assumptions!$B$7)/(1-Assumptions!$B$5-Assumptions!$B$6-IF($G13="Yes",IF($H13="Yes",Assumptions!$B$9,Assumptions!$B$8),0)),((($E13+Assumptions!$B$4)*$D13+Assumptions!$B$6*$F13+Assumptions!$B$7)+Assumptions!$B$11)/(1-Assumptions!$B$5-Assumptions!$B$6))-$C13)/$D13)))
I14: =IF(OR($B14="",$D14=""),"",$B14*$D14+$C14) | J14: =IF(OR($B14="",$D14=""),"",$D14*Assumptions!$B$4) | K14: =IF(OR($B14="",$D14=""),"",Assumptions!$B$5*$I14) | L14: =IF(OR($B14="",$D14=""),"",Assumptions!$B$6*($I14+$F14)+Assumptions!$B$7) | M14: =IF(OR($B14="",$D14=""),"",MIN(IF($G14="Yes",IF($H14="Yes",Assumptions!$B$9,Assumptions!$B$8),0)*$I14,Assumptions!$B$11)) | N14: =IF(OR($B14="",$D14=""),"",$J14+$K14+$L14+$M14) | O14: =IF(OR($B14="",$D14=""),"",$I14-$E14*$D14-$N14) | P14: =IF(OR($B14="",$D14=""),"",IF($I14=0,"",$O14/$I14)) | Q14: =IF(OR($B14="",$D14=""),"",IF($D14=0,"",MAX(0,(IF(IF($G14="Yes",IF($H14="Yes",Assumptions!$B$9,Assumptions!$B$8),0)*(($E14+Assumptions!$B$4)*$D14+Assumptions!$B$6*$F14+Assumptions!$B$7)/(1-Assumptions!$B$5-Assumptions!$B$6-IF($G14="Yes",IF($H14="Yes",Assumptions!$B$9,Assumptions!$B$8),0))<=Assumptions!$B$11,(($E14+Assumptions!$B$4)*$D14+Assumptions!$B$6*$F14+Assumptions!$B$7)/(1-Assumptions!$B$5-Assumptions!$B$6-IF($G14="Yes",IF($H14="Yes",Assumptions!$B$9,Assumptions!$B$8),0)),((($E14+Assumptions!$B$4)*$D14+Assumptions!$B$6*$F14+Assumptions!$B$7)+Assumptions!$B$11)/(1-Assumptions!$B$5-Assumptions!$B$6))-$C14)/$D14)))
I15: =IF(OR($B15="",$D15=""),"",$B15*$D15+$C15) | J15: =IF(OR($B15="",$D15=""),"",$D15*Assumptions!$B$4) | K15: =IF(OR($B15="",$D15=""),"",Assumptions!$B$5*$I15) | L15: =IF(OR($B15="",$D15=""),"",Assumptions!$B$6*($I15+$F15)+Assumptions!$B$7) | M15: =IF(OR($B15="",$D15=""),"",MIN(IF($G15="Yes",IF($H15="Yes",Assumptions!$B$9,Assumptions!$B$8),0)*$I15,Assumptions!$B$11)) | N15: =IF(OR($B15="",$D15=""),"",$J15+$K15+$L15+$M15) | O15: =IF(OR($B15="",$D15=""),"",$I15-$E15*$D15-$N15) | P15: =IF(OR($B15="",$D15=""),"",IF($I15=0,"",$O15/$I15)) | Q15: =IF(OR($B15="",$D15=""),"",IF($D15=0,"",MAX(0,(IF(IF($G15="Yes",IF($H15="Yes",Assumptions!$B$9,Assumptions!$B$8),0)*(($E15+Assumptions!$B$4)*$D15+Assumptions!$B$6*$F15+Assumptions!$B$7)/(1-Assumptions!$B$5-Assumptions!$B$6-IF($G15="Yes",IF($H15="Yes",Assumptions!$B$9,Assumptions!$B$8),0))<=Assumptions!$B$11,(($E15+Assumptions!$B$4)*$D15+Assumptions!$B$6*$F15+Assumptions!$B$7)/(1-Assumptions!$B$5-Assumptions!$B$6-IF($G15="Yes",IF($H15="Yes",Assumptions!$B$9,Assumptions!$B$8),0)),((($E15+Assumptions!$B$4)*$D15+Assumptions!$B$6*$F15+Assumptions!$B$7)+Assumptions!$B$11)/(1-Assumptions!$B$5-Assumptions!$B$6))-$C15)/$D15)))
I16: =IF(OR($B16="",$D16=""),"",$B16*$D16+$C16) | J16: =IF(OR($B16="",$D16=""),"",$D16*Assumptions!$B$4) | K16: =IF(OR($B16="",$D16=""),"",Assumptions!$B$5*$I16) | L16: =IF(OR($B16="",$D16=""),"",Assumptions!$B$6*($I16+$F16)+Assumptions!$B$7) | M16: =IF(OR($B16="",$D16=""),"",MIN(IF($G16="Yes",IF($H16="Yes",Assumptions!$B$9,Assumptions!$B$8),0)*$I16,Assumptions!$B$11)) | N16: =IF(OR($B16="",$D16=""),"",$J16+$K16+$L16+$M16) | O16: =IF(OR($B16="",$D16=""),"",$I16-$E16*$D16-$N16) | P16: =IF(OR($B16="",$D16=""),"",IF($I16=0,"",$O16/$I16)) | Q16: =IF(OR($B16="",$D16=""),"",IF($D16=0,"",MAX(0,(IF(IF($G16="Yes",IF($H16="Yes",Assumptions!$B$9,Assumptions!$B$8),0)*(($E16+Assumptions!$B$4)*$D16+Assumptions!$B$6*$F16+Assumptions!$B$7)/(1-Assumptions!$B$5-Assumptions!$B$6-IF($G16="Yes",IF($H16="Yes",Assumptions!$B$9,Assumptions!$B$8),0))<=Assumptions!$B$11,(($E16+Assumptions!$B$4)*$D16+Assumptions!$B$6*$F16+Assumptions!$B$7)/(1-Assumptions!$B$5-Assumptions!$B$6-IF($G16="Yes",IF($H16="Yes",Assumptions!$B$9,Assumptions!$B$8),0)),((($E16+Assumptions!$B$4)*$D16+Assumptions!$B$6*$F16+Assumptions!$B$7)+Assumptions!$B$11)/(1-Assumptions!$B$5-Assumptions!$B$6))-$C16)/$D16)))
... I54: =IF(OR($B54="",$D54=""),"",$B54*$D54+$C54) | J54: =IF(OR($B54="",$D54=""),"",$D54*Assumptions!$B$4) | K54: =IF(OR($B54="",$D54=""),"",Assumptions!$B$5*$I54) | L54: =IF(OR($B54="",$D54=""),"",Assumptions!$B$6*($I54+$F54)+Assumptions!$B$7) | M54: =IF(OR($B54="",$D54=""),"",MIN(IF($G54="Yes",IF($H54="Yes",Assumptions!$B$9,Assumptions!$B$8),0)*$I54,Assumptions!$B$11)) | N54: =IF(OR($B54="",$D54=""),"",$J54+$K54+$L54+$M54) | O54: =IF(OR($B54="",$D54=""),"",$I54-$E54*$D54-$N54) | P54: =IF(OR($B54="",$D54=""),"",IF($I54=0,"",$O54/$I54)) | Q54: =IF(OR($B54="",$D54=""),"",IF($D54=0,"",MAX(0,(IF(IF($G54="Yes",IF($H54="Yes",Assumptions!$B$9,Assumptions!$B$8),0)*(($E54+Assumptions!$B$4)*$D54+Assumptions!$B$6*$F54+Assumptions!$B$7)/(1-Assumptions!$B$5-Assumptions!$B$6-IF($G54="Yes",IF($H54="Yes",Assumptions!$B$9,Assumptions!$B$8),0))<=Assumptions!$B$11,(($E54+Assumptions!$B$4)*$D54+Assumptions!$B$6*$F54+Assumptions!$B$7)/(1-Assumptions!$B$5-Assumptions!$B$6-IF($G54="Yes",IF($H54="Yes",Assumptions!$B$9,Assumptions!$B$8),0)),((($E54+Assumptions!$B$4)*$D54+Assumptions!$B$6*$F54+Assumptions!$B$7)+Assumptions!$B$11)/(1-Assumptions!$B$5-Assumptions!$B$6))-$C54)/$D54)))
A56: Total | I56: =SUM(I5:I54) -> 0 | J56: =SUM(J5:J54) -> 0 | K56: =SUM(K5:K54) -> 0 | L56: =SUM(L5:L54) -> 0 | M56: =SUM(M5:M54) -> 0 | N56: =SUM(N5:N54) -> 0 | O56: =SUM(O5:O54) -> 0 | P56: =IF(I56=0,"",O56/I56)

Sheet Assumptions
A1: Assumptions
A3: Fee | B3: Value
A4: Listing fee per item | B4: 0.2
A5: Transaction fee rate (of price + shipping charged) | B5: 0.065
A6: Payment processing rate (US, of total charged incl. tax and shipping) | B6: 0.03
A7: Payment processing fixed fee per order | B7: 0.25
A8: Offsite Ads fee rate (of the attributed order total: price + shipping) | B8: 0.15
A9: Offsite Ads fee rate once the shop has reached the sales threshold (stays for the life of the shop) | B9: 0.12
A10: Sales threshold for the lower Offsite Ads rate | B10: 10000
A11: Offsite Ads fee cap on a single attributed order | B11: 100
A13: Source: https://www.etsy.com/legal/fees/
A14: Etsy fees page last updated: 2026-10-05
A15: Date these rates were checked: 2026-10-14
A16: Etsy changes its fees. Check etsy.com/legal/fees before relying on this.
A17: Etsy's fees page says the Offsite Ads fee applies to the order total (item price plus shipping and gift wrapping) and, for US sellers, not to sales tax. It also says the fee on one attributed order will not exceed $100.
A18: Gift wrap and personalization charges are not modelled; they would add to the transaction fee and Offsite Ads bases.
A19: Sales tax collected is not counted as revenue. Break-even price holds shipping charged, tax and quantity as entered.

Sheet Notes
A1: Notes
A3: This sheet ignores currency conversion, VAT, other regional payment processing fees and Etsy Plus.
A4: Listing fee is charged per item sold. Payment processing is charged once per order line entered.
A5: Each row is one order line. Enter one row per product and order.
A6: Results are arithmetic on the numbers you enter and the rates on the Assumptions sheet. They are not a forecast.
